 Dungeon Crawl Stone Soup version 0.17.1-1-g73c8601 (webtiles) character file.

1964 devsta the Chopper (level 9, 0/78 HPs)
             Began as a Hill Orc Berserker on Dec 26, 2015.
             Was an Elder of Trog.
             Killed from afar by an electric eel (9 damage)
             ... with a bolt of electricity
             ... on level 6 of the Dungeon.
             The game lasted 00:35:44 (8053 turns).

devsta the Chopper (Hill Orc Berserker)             Turns: 8053, Time: 00:35:46

Health: 0/78       AC: 13    Str: 23      XL:     9   Next: 19%
Magic:  9/9        EV:  7    Int:  7      God:    Trog [****..]
Gold:   447        SH: 10    Dex:  8 (10) Spells: 0 memorised, 8 levels left

rFire  . . .     SeeInvis .     a - +0 hand axe
rCold  . . .     Clarity  .     f - +0 chain mail
rNeg   + . .     SustAt   .     c - +0 shield
rPois  .         Gourm    .     (no helmet)
rElec  .         Spirit   .     G - +0 cloak
rCorr  .         Warding  .     F - +0 pair of gloves
rMut   .         Stasis   .     D - +0 pair of boots
MR     .....                    (no amulet)
Stlth  ..........               n - ring of positive energy
                                l - ring of stealth

@: not resistant to hostile enchantments, extremely unstealthy
A: no striking features
a: Berserk, Trog's Hand, Brothers in Arms, Burn Spellbooks, Renounce Religion


You were on level 6 of the Dungeon.
You worshipped Trog.
Trog was greatly pleased with you.
You were not hungry.

You visited 1 branch of the dungeon, and saw 6 of its levels.

You collected 447 gold pieces.

Inventory:

Hand Weapons
 a - a +0 hand axe (weapon)
Missiles
 g - 383 stones (quivered)
 j - 4 javelins
 H - 2 silver tomahawks
 K - a throwing net
Armour
 b - a +0 animal skin
 c - a +0 shield (worn)
 f - a +0 chain mail (worn)
 h - a +0 leather armour
 D - a +0 pair of boots (worn)
 F - a +0 pair of gloves (worn)
 G - a +0 cloak (worn)
Jewellery
 l - a ring of stealth (left hand)
 n - a ring of positive energy (right hand)
 C - an uncursed amulet of faith {unknown}
Wands
 A - a wand of flame (27)
 I - a wand of hasting (6)
Scrolls
 d - a scroll of magic mapping
 i - 2 scrolls of random uselessness
 o - a scroll of enchant armour {unknown}
 q - a scroll of fear {unknown}
 r - 2 scrolls of immolation {unknown}
 w - 3 scrolls of amnesia {unknown}
 x - a scroll of recharging {unknown}
 y - 4 scrolls of enchant weapon {unknown}
 E - a scroll of fog {unknown}
 M - a scroll of blinking {unknown}
 N - 3 scrolls of remove curse
 O - 3 scrolls of identify {unknown}
Potions
 k - a potion of cancellation {unknown}
 m - a potion of degeneration {unknown}
 p - a potion of haste {unknown}
 s - 2 potions of brilliance {unknown}
 t - a potion of agility {unknown}
 v - a potion of curing {unknown}
 z - 2 potions of poison {unknown}
 B - a potion of resistance {unknown}
 L - a potion of ambrosia {unknown}
Comestibles
 u - 5 bread rations


   Skills:
 + Level 6.9 Fighting
 + Level 7.7 Axes
 + Level 1.0 Throwing
 + Level 6.0 Armour
 + Level 4.2 Dodging
 + Level 0.8 Stealth
 + Level 6.1 Shields


You had 8 spell levels left.
You didn't know any spells.

Dungeon Overview and Level Annotations

Branches:
Dungeon (6/15)             Temple (0/1) D:4

Altars:
Kikubaaqudgha
Trog
Vehumet
Xom
Yredelemnul
The Shining One

Shops:
D:4 :


Message History

The bolt of electricity hits you!
The electric eel shoots out a bolt of lightning at you!
The bolt of electricity hits you!
* * * LOW HITPOINT WARNING * * *
The electric eel shoots out a bolt of lightning at you!
The bolt of electricity hits you!
* * * LOW HITPOINT WARNING * * *
Drink which item? (? for menu, Esc to quit)
You feel much better.
The electric eel shoots out a bolt of lightning at you!
The bolt of electricity hits you!
* * * LOW HITPOINT WARNING * * *
The electric eel shoots out a bolt of lightning at you!
The bolt of electricity hits you!
* * * LOW HITPOINT WARNING * * *
The electric eel shoots out a bolt of lightning at you!
The bolt of electricity hits you!
* * * LOW HITPOINT WARNING * * *
The bolt of electricity hits you!
You die...

#....#..#.###.# #.............#
#########.......###.###
#...............# #.#
#.#########...### #.# #.# ##.##
#.# #.# ####.# #.# #.# #....##
#.#
########.#######@##..#####.######
.................................
.................................
≈≈≈≈≈≈.≈≈.≈≈;≈≈.≈≈≈≈≈..≈≈...≈.≈.≈
≈≈≈≈≈≈≈≈≈≈≈≈≈≈≈≈≈≈≈≈≈≈≈≈≈≈≈≈≈≈≈≈≈
≈≈≈≈≈≈≈≈≈≈≈≈≈≈≈;≈≈≈≈≈≈≈≈≈≈≈≈≈≈≈≈≈
≈≈≈≈≈≈≈≈≈≈≈≈≈≈≈≈≈≈≈≈≈≈≈≈#####≈≈≈≈
#########################...#≈≈≈≈
.......#.....## ##......#...#≈≈≈≈


You could see 2 electric eels.

Vanquished Creatures
  The ghost of Wolfmoon the Destroyer, a novice DECj of Vehumet (D:6)
  Grinder (D:3)
  Duvessa (D:4)
  3 sky beasts
  8 big kobolds (D:6)
  Dowan (D:4)
  A hound (D:4)
  4 orc priests
  A quasit (D:5)
  2 giant frog skeletons
  Ijyb (D:3)
  An orc wizard (D:5)
  Natasha (thrice) (D:3)
  4 gnolls
  3 adders
  A shadow imp (D:6)
  6 worms
  4 giant geckos
  13 orcs
  7 bats
  5 giant cockroaches
  9 goblins
  11 hobgoblins
  14 jackals
  45 kobolds
  4 quokkas
  A ball python (D:3)
  4 giant newts
  A quokka zombie (D:5)
  5 rats
165 creatures vanquished.

Notes
Turn   | Place    | Note
--------------------------------------------------------------
     0 | D:1      | devsta the Hill Orc Berserker began the quest for the Orb.
     0 | D:1      | Reached XP level 1. HP: 19/19 MP: 1/1
   176 | D:1      | Reached XP level 2. HP: 24/27 MP: 2/2
   890 | D:1      | Reached XP level 3. HP: 28/33 MP: 3/3
  1272 | D:1      | Found a glowing golden altar of the Shining One.
  1523 | D:2      | Found a basalt altar of Yredelemnul.
  1686 | D:2      | Reached ** piety under Trog
  1829 | D:2      | Found a faded altar to an unknown god.
  1988 | D:2      | Reached XP level 4. HP: 28/41 MP: 4/4
  2649 | D:3      | Noticed a sky beast
  2666 | D:3      | Killed a sky beast
  2666 | D:3      | Reached skill level 1 in Shields
  2666 | D:3      | Reached XP level 5. HP: 19/47 MP: 5/5
  3001 | D:3      | Noticed Grinder
  3003 | D:3      | Paralysed by Grinder for 5 turns
  3013 | D:3      | Paralysed by Grinder for 2 turns
  3041 | D:3      | Paralysed by Grinder for 2 turns
  3289 | D:3      | Paralysed by Grinder for 2 turns
  3570 | D:3      | Paralysed by Grinder for 3 turns
  3888 | D:3      | Killed Grinder
  3888 | D:3      | Reached skill level 5 in Fighting
  3888 | D:3      | Reached XP level 6. HP: 56/56 MP: 6/6
  4377 | D:3      | Noticed Ijyb
  4387 | D:3      | Noticed Natasha
  4393 | D:3      | Killed Ijyb
  4393 | D:3      | Reached XP level 7. HP: 61/61 MP: 7/7
  4396 | D:3      | Killed Natasha
  4396 | D:3      | Reached skill level 5 in Axes
  4416 | D:3      | Noticed Natasha
  4423 | D:3      | Killed Natasha
  4824 | D:3      | Noticed Natasha
  4826 | D:3      | Killed Natasha
  4975 | D:4      | Noticed Duvessa
  4975 | D:4      | Noticed Dowan
  4983 | D:4      | Killed Duvessa
  5014 | D:4      | Killed Dowan
  5014 | D:4      | Reached skill level 6 in Fighting
  5199 | D:4      | Reached skill level 5 in Armour
  5214 | D:4      | Found a staircase to the Ecumenical Temple.
  5331 | D:4      | Found Notoesk's Book Shop.
  5454 | D:4      | Found a bloodstained altar of Trog.
  5490 | D:4      | Reached *** piety under Trog
  5674 | D:5      | Entered Level 5 of the Dungeon
  5756 | D:5      | Reached XP level 8. HP: 57/70 MP: 8/8
  5933 | D:5      | Found a radiant altar of Vehumet.
  6183 | D:5      | Found an ancient bone altar of Kikubaaqudgha.
  6253 | D:5      | Found a shimmering altar of Xom.
  6941 | D:6      | Noticed Wolfmoon's ghost (novice DECj)
  6959 | D:6      | Reached **** piety under Trog
  7023 | D:6      | Killed Wolfmoon's ghost
  7023 | D:6      | Reached skill level 7 in Axes
  7023 | D:6      | Reached skill level 1 in Throwing
  7023 | D:6      | Reached skill level 5 in Shields
  7353 | D:6      | Reached XP level 9. HP: 78/78 MP: 9/9
  8053 | D:6      | Killed from afar by an electric eel

Action                   |  1- 3 |  4- 6 |  7- 9 || total
-------------------------+-------+-------+-------++-------
Melee: Hand axe          |   192 |   172 |   536 ||   900
Throw: Stone             |     8 |       |    23 ||    31
Invok: Berserk           |     1 |     7 |     4 ||    12
       Trog's Hand       |       |       |     2 ||     2
  Use: Scroll            |       |       |     3 ||     3
       Potion            |       |       |     3 ||     3
 Stab: Sleeping          |     1 |       |       ||     1
       Distracted        |       |       |     1 ||     1
  Eat: Chunk             |     3 |     1 |     6 ||    10
       Bread ration      |     1 |       |       ||     1
       Meat ration       |       |     2 |     3 ||     5
